 Dungeon Crawl Stone Soup version 0.32-a0-12-g7fc57aa741 (webtiles) character file.

Game seed: 5189956855569596769

406 jjjjhere the Ruffian (level 6, 0/64 HPs)
             Began as a Demonspawn Shapeshifter on Jan 15, 2024.
             Slain by a bullfrog (3 damage)
             ... in a sewer.
             The game lasted 00:06:36 (2818 turns).

jjjjhere the Ruffian (Demonspawn Shapeshifter)      Turns: 2818, Time: 00:06:37

Health: 0/64       AC: 14    Str: 17    XL:     6   Next: 56%
Magic:  6/6        EV:  4    Int: 10    God:
Gold:   31         SH:  0    Dex: 12    Spells: 5/5 levels left

rFire   . .          .
                       - Unarmed
rCold   . . .        (no shield)
rNeg    . . .        n - +0 chain mail
rPois   .            (helmet currently unavailable)
rElec   .            (cloak currently unavailable)
rCorr   .            (gloves currently unavailable)
SInv    .            (boots currently unavailable)
Will    .....        (no amulet) Stlth
                     k - ring of flight
HPRegen 0.30/turn    (no ring)
MPRegen 0.10/turn

%: no passive effects
@: berserking, beast-form, sanguine armoured, flying, constricted, very quick
A: beast (slay +2), sanguine armour 1, weakness stinger 2
a: Begin Untransformation


You were in a sewer.
You were a hulking beast.
You visited 1 branch of the dungeon, and saw 4 of its levels.
You also visited: Sewer.

You collected 31 gold pieces.

Inventory:

Missiles
 o - 5 boomerangs (quivered)
 q - 6 poisoned darts
Armour
 a - a +0 animal skin
 g - a +2 pair of boots
 i - a +0 leather armour
 n - a +0 chain mail (worn)
 s - a scarf of resistance
Jewellery
 k - a ring of flight (left hand)
Talismans
 c - a beast talisman
 d - a flux talisman
 m - a maw talisman
Scrolls
 f - 5 scrolls of identify
 h - a scroll of teleportation {unknown}
 u - a scroll of enchant weapon {unknown}
 w - a scroll of blinking {unknown}
Potions
 j - 3 potions of enlightenment
 p - a potion of mutation {unknown}


   Skills:
 - Level 1.0 Fighting
 - Level 1.7 Dodging
 + Level 5.2 Unarmed Combat
 + Level 4.8 Shapeshifting


You had 5 spell levels left.
You didn't know any spells.
Your spell library contained the following spells:

 Spells                   Type           Power      Damage    Failure   Level
 Sandblast                Erth           0%         2d4       99%         1
 Passwall                 Erth           0%         N/A       100%        3
 Stone Arrow              Conj/Erth      0%         3d7       100%        3
 Brom's Barrelling Bould  Conj/Erth      0%         2d3       100%        4


Dungeon Overview and Level Annotations

Branches:
Dungeon (4/15)              Sewer (1/1)
 Temple: D:4-7

Altars:
Vehumet

Shops:
D:1 :


Innate Abilities, Weirdness & Mutations

You are a hulking beast.
Your limbs bulge with bestial killing power. (Slay +2)
When seriously injured, your blood forms armour. (AC +6)
You have a tail ending in a sharp stinger.


Message History

The ball python bites you but does no damage.
The ball python constricts you.
The frilled lizard bites you but does no damage.
It was a potion of invisibility.
You fade into invisibility!
You feel sick.
You are no longer poisoned.
The adder bites you but does no damage.
The bullfrog hits you but does no damage.
The adder bites you but does no damage.
The ball python bites you but does no damage.
The ball python constricts you.
* * * LOW HITPOINT WARNING * * *
The frilled lizard bites you but does no damage.
The adder bites you but does no damage.
It was a potion of cancellation.
Your magical effects are unravelling.
You feel magically purged.
You feel less wooden.
Your +0 chain mail unmelds from your body.
You turn into a hulking beast.
Your blood congeals into armour.
You flicker back into view.
You feel a little less mighty now.
Your resistance to elements expires.
The bullfrog hits you.
* * * LOW HITPOINT WARNING * * *
The adder barely misses you.
The endoplasm splashes around in the water.
The ball python bites you but does no damage.
The ball python constricts you.
* * * LOW HITPOINT WARNING * * *
The bullfrog hits you.
* * * LOW HITPOINT WARNING * * *
The adder bites you.
* * * LOW HITPOINT WARNING * * *
The adder completely misses you.
The frilled lizard bites you but does no damage.
It was a potion of berserk rage.
A red film seems to cover your vision as you go berserk!
You feel yourself moving faster!
You feel mighty! The bullfrog hits you.
You die...

###################
..#≈≈≈≈~SS≈≈≈≈≈≈~~..###
S..~≈≈~Slh.~#~~~≈≈~...##
..~~≈~~~FJS≈~~~~~≈~....#
..~#~~~~~≈≈~~≈~~~~.....#
..~~~~≈~≈≈≈≈≈≈~~≈~...†.##
..#~~≈≈≈≈≈≈≈≈≈≈≈≈≈#.....#
# ##################....#
####†..## #..#....#
#..'....#


You could see a bullfrog, 2 adders, an endoplasm, 2 ball pythons and a frilled
lizard.

Vanquished Creatures
  A bullfrog (Sewer)
  An orc priest (D:4)
  A hound (D:3)
  Jessica (D:2)
  12 adders
  A gnoll (D:4)
  6 river rats
  A dart slug (D:3)
  A ribbon worm (D:2)
  5 orcs
  14 ball pythons
  3 endoplasms
  A giant cockroach (D:4)
  5 goblins
  2 hobgoblins
  2 jackals (D:3)
  3 quokkas
  A bat (D:2)
  7 frilled lizards
  6 kobolds
  27 rats
101 creatures vanquished.

Notes
Turn   | Place    | Note
-------+----------+-------------------------------------------
     0 | D:1      | jjjjhere the Demonspawn Shapeshifter began the quest for
                  | the Orb.
     0 | D:1      | Reached XP level 1. HP: 15/15 MP: 1/1
   307 | D:1      | Found Veicij's Book Shoppe.
   812 | D:2      | Reached skill level 3 in Unarmed Combat
   815 | D:2      | Gained mutation: You have a small tail. [demonic ancestry]
   815 | D:2      | Reached XP level 2. HP: 21/21 MP: 2/2
   835 | D:2      | Found a faded altar of an unknown god.
  1001 | D:2      | Gained mutation: You have a tail ending in a sharp stinger.
                  | [demonic ancestry]
  1001 | D:2      | Reached XP level 3. HP: 24/26 MP: 3/3
  1160 | D:2      | Noticed Jessica
  1179 | D:2      | Killed Jessica
  1484 | D:3      | Reached XP level 4. HP: 26/32 MP: 4/4
  1614 | D:3      | HP: 15/48 [poisoned by an adder]
  1619 | D:3      | HP: 9/48 [poisoned by an adder]
  1878 | D:3      | Reached skill level 4 in Unarmed Combat
  1948 | D:3      | Found a radiant altar of Vehumet.
  1957 | D:3      | Gained mutation: When seriously injured, your blood forms
                  | armour. (AC +6) [demonic ancestry]
  1957 | D:3      | Reached XP level 5. HP: 37/37 MP: 5/5
  2288 | D:4      | Found a glowing drain.
  2317 | Sewer    | Entered a sewer
  2526 | Sewer    | Reached XP level 6. HP: 32/43 MP: 6/6
  2809 | Sewer    | Reached skill level 5 in Unarmed Combat
  2812 | Sewer    | HP: 19/64 [bullfrog (6)]
  2817 | Sewer    | HP: 6/43 [bullfrog (1)]
  2817 | Sewer    | HP: 2/43 [adder (2)]
  2818 | Sewer    | Slain by a bullfrog

Illustrated notes

Levels and vault maps discovered:
D:1:      minmay_arrival_four_houses, layout_loops_ring, serial_shops, shop
D:2:      layout_basic, basic_altar, dreamdust_ecumenical_altar_statues,
          chequers_serial_rivers_large_a, uniq_jessica
D:3:      layout_basic, nicolae_vehumet_radiance
D:4:      layout_loops_ring, nicolae_gozag_zags_fifth_avenue,
          mainiacjoe_overflow_alcove_2, portal_sewer_entry_b
Sewer:    sewer_minmay_w

Skill      XL: |  1  2  3  4  5  6 |
---------------+-------------------+-----
Unarmed Combat | 3 4 5 |  5.2
Shapeshifting  | 3 4 |  4.8
Fighting       | |  1.0
Dodging        | |  1.7

Action                     |  1- 3 |  4- 6 || total
---------------------------+-------+-------++-------
  Melee: Unarmed           |    93 |   186 ||   279
         Tailslap          |     6 |    18 ||    24
         Punch             |     1 |     3 ||     4
    Use: Potion            |       |     8 ||     8
         Scroll            |       |     1 ||     1
 Armour: Leather armour    |     5 |       ||     5
         Animal skin       |     5 |       ||     5
         Chain mail        |    52 |   165 ||   217
         Skin              |       |   129 ||   129
  Dodge: Dodged            |    23 |    65 ||    88

Table legend: (Time is in decaauts)
 A = Elapsed time spent in this place.
 B = Non-inter-level travel time spent in this place.
 C = Inter-level travel time spent in this place.
 D = Time resting spent in this place.
 E = Time spent auto-exploring this place.
 F = Levels seen in this place.
 G = Mean time per level.
                   A        B        C        D        E       F      G
               +--------+--------+--------+--------+--------+-----+--------+
         Total |   2795 |   2687 |    108 |    466 |   1513 |   5 |  559.0 |
       Dungeon |   2304 |   2196 |    108 |    325 |   1385 |   4 |  576.0 |
         Sewer |    490 |    490 |      0 |    141 |    128 |   1 |  490.0 |
               +--------+--------+--------+--------+--------+-----+--------+

Top non-repeatable levels by time:
     D:1: 773 daAuts
     D:3: 746 daAuts
     D:2: 683 daAuts
   Sewer: 490 daAuts
     D:4: 101 daAuts
